[Event "Titled Tuesday Blitz February 21 Early 2023"]
[White "Malyi, Viacheslav"]
[Black "Liu, Casper"]
[WhiteFideId "14123983"]
[BlackFideId "1454153"]
[WhiteElo "2391"]
[BlackElo "2278"]
[Result "1-0"]
[Round "02"]
[TimeControl "180+2"]
[Date "2023.02.21"]
[WhiteClock "0:02:16"]
[BlackClock "0:01:26"]

1. e4 c5 2. Nf3 d6 3. d4 cxd4 4. Nxd4 Nf6 5. Nc3 Nc6 6. Rg1 e5 7. Nb3 Be6 8. g4 d5 9. exd5 Nxd5 10. Nxd5 Qxd5 11. Qxd5 Bxd5 12. Be3 O-O-O 13. O-O-O Be7 14. Be2 Rd7 15. g5 Kb8 16. Bg4 Rdd8 17. h4 Nb4 18. a3 Nxc2 19. Kxc2 Rc8+ 20. Bxc8 Rxc8+ 21. Nc5 Bxc5 22. Rxd5 Bxe3+ 23. Kb3 Bxf2 24. Rf1 Bxh4 25. Rxf7 Bxg5 26. Rdd7 Re8 27. Rxb7+ Kc8 28. Rxa7 Kb8 29. Rfb7+ Kc8 30. Rxg7 Kb8 31. Rgb7+ Kc8 32. Rxh7 Kb8 33. Rhb7+ Kc8 34. Ra8+ 1-0


[Site "https://www.chess.com"]

[Event "Titled Tuesday Blitz February 21 Early 2023"]
[White "Jeet, Jain"]
[Black "Antonio, Jorge Carlos"]
[WhiteFideId "5073022"]
[BlackFideId "113190"]
[WhiteElo "2199"]
[BlackElo "2277"]
[Result "1-0"]
[Round "02"]
[TimeControl "180+2"]
[Date "2023.02.21"]
[WhiteClock "0:00:14"]
[BlackClock "0:00:10"]

1. d4 d5 2. Nc3 c6 3. Bg5 h6 4. Bh4 Qb6 5. Rb1 Bf5 6. f3 e6 7. e4 Bg6 8. Bf2 Qa5 9. Bd3 Bd6 10. a3 dxe4 11. fxe4 Ne7 12. Nf3 Nd7 13. O-O e5 14. Ne2 exd4 15. Nexd4 O-O 16. Nh4 Qc7 17. h3 Bh7 18. Ndf5 Nxf5 19. Nxf5 Bxf5 20. exf5 Rfe8 21. c3 Bc5 22. Bxc5 Nxc5 23. f6 g6 24. Bxg6 Qg3 25. Bc2 Rad8 26. Qf3 Qxf3 27. Rxf3 Re2 28. Rg3+ Kh8 29. Bf5 Rdd2 30. Rf1 Rxb2 31. Rf4 Ne6 32. Rh4 Ng5 33. Rxg5 Re1+ 34. Kh2 Rbb1 35. Rxh6# 1-0


[Site "https://www.chess.com"]

[Event "Titled Tuesday Blitz February 21 Early 2023"]
[White "Suduvasachmatai"]
[Black "Ordekalog"]
[WhiteElo "2100"]
[BlackElo "2560"]
[Result "0-1"]
[Round "02"]
[TimeControl "180+2"]
[Date "2023.02.21"]
[WhiteClock "0:00:06"]
[BlackClock "0:00:55"]

1. e4 d5 2. exd5 Nf6 3. d4 Nxd5 4. c4 Nb6 5. Nc3 e5 6. d5 c6 7. Be3 Bb4 8. Bxb6 Qxb6 9. Nf3 e4 10. Nd2 O-O 11. Be2 Re8 12. O-O Bxc3 13. bxc3 Na6 14. d6 Bf5 15. Nb3 c5 16. Rb1 Bg6 17. d7 Red8 18. Nd4 Qd6 19. Nb5 Qxd7 20. Qb3 e3 21. Rbd1 Qe7 22. f4 Be4 23. f5 Qg5 24. g3 Rd2 25. Rxd2 exd2 26. Nd6 Qe3+ 27. Rf2 Bc6 28. Nb5 Rd8 29. Qd1 h6 30. f6 g5 31. Bf1 Bf3 0-1


[Site "https://www.chess.com"]

[Event "Titled Tuesday Blitz February 21 Early 2023"]
[White "Prestia, Paris"]
[Black "Bashirli, Saadat"]
[WhiteFideId "30925959"]
[BlackFideId "13429990"]
[WhiteElo "2059"]
[BlackElo "1571"]
[Result "1-0"]
[Round "02"]
[TimeControl "180+2"]
[Date "2023.02.21"]
[WhiteClock "0:01:09"]
[BlackClock "0:00:39"]

1. d4 d5 2. c4 e6 3. Nc3 c6 4. Nf3 dxc4 5. a4 Bb4 6. g3 Nf6 7. Bg2 O-O 8. Ne5 Nd5 9. Bd2 Nb6 10. a5 f6 11. axb6 fxe5 12. Rxa7 Qxd4 13. e3 Qxb6 14. Rxa8 Na6 15. O-O Bd6 16. Qg4 Qxb2 17. Rxc8 Qxd2 18. Qxe6+ Kh8 19. Ne4 Nc7 20. Qxd6 Qxd6 21. Nxd6 Rxc8 22. Nxc8 Nb5 23. Rd1 h6 24. Rd8+ Kh7 25. Be4+ g6 26. Rd7+ Kh8 27. Bxg6 c3 28. Nd6 Na3 29. Nf5 c2 30. Rd8# 1-0


[Site "https://www.chess.com"]

[Event "Titled Tuesday Blitz February 21 Early 2023"]
[White "Lehtosaari, Mauri"]
[Black "Bluebaum, Matthias"]
[WhiteFideId "501999"]
[BlackFideId "24651516"]
[WhiteElo "2176"]
[BlackElo "2669"]
[Result "0-1"]
[Round "02"]
[TimeControl "180+2"]
[Date "2023.02.21"]
[WhiteClock "0:01:19"]
[BlackClock "0:01:10"]

1. d4 d5 2. Nf3 e6 3. Bf4 c5 4. e3 Nc6 5. c3 Bd6 6. Bg3 Nge7 7. Nbd2 O-O 8. Bd3 cxd4 9. exd4 f6 10. Qc2 h6 11. O-O e5 12. dxe5 fxe5 13. Bb5 e4 14. Nd4 Nxd4 15. cxd4 Nf5 16. Nb3 Be6 17. Nc5 Nxd4 18. Nxe6 Nxc2 19. Nxd8 Raxd8 20. Bxd6 Rxd6 21. Rad1 Nb4 22. a3 Nc6 23. Rfe1 Rfd8 24. Rd2 Kf7 25. Ba4 Kf6 26. f3 exf3 27. gxf3 Ne5 28. Kf2 Nc4 29. Rc2 Rb6 30. Ree2 Nd6 31. Rcd2 Nc4 32. Rc2 Ne5 33. Red2 d4 34. b4 g5 35. Rc5 Ra6 36. Bd1 Rxa3 37. b5 Nd3+ 0-1


[Site "https://www.chess.com"]

[Event "Titled Tuesday Blitz February 21 Early 2023"]
[White "Michalski, Olaf"]
[Black "Shimanov, Aleksandr"]
[WhiteFideId "1106740"]
[BlackFideId "4198603"]
[WhiteElo "2273"]
[BlackElo "2581"]
[Result "0-1"]
[Round "02"]
[TimeControl "180+2"]
[Date "2023.02.21"]
[WhiteClock "0:00:05"]
[BlackClock "0:01:39"]

1. d4 Nf6 2. c3 d6 3. Bf4 Nc6 4. Nf3 g6 5. Nbd2 Bg7 6. h3 O-O 7. e4 Nd7 8. d5 Nce5 9. Nd4 a5 10. Be2 Nc5 11. Qc2 e6 12. dxe6 Nxe6 13. Be3 Re8 14. O-O Nc5 15. f4 Nc6 16. Nxc6 bxc6 17. Bxc5 dxc5 18. Bf3 Qh4 19. Be2 Bh6 20. f5 Bxf5 21. exf5 Rxe2 22. fxg6 Qg3 23. gxf7+ Kf8 0-1


[Site "https://www.chess.com"]

[Event "Titled Tuesday Blitz February 21 Early 2023"]
[White "Silvestre, Christian"]
[Black "Tang, Andrew"]
[WhiteFideId "30956269"]
[BlackFideId "2059630"]
[WhiteElo "1942"]
[BlackElo "2523"]
[Result "0-1"]
[Round "02"]
[TimeControl "180+2"]
[Date "2023.02.21"]
[WhiteClock "0:00:49"]
[BlackClock "0:01:55"]

1. Nf3 d5 2. d4 Nf6 3. Bg5 e6 4. Nbd2 Nbd7 5. e3 b6 6. Bd3 Bb7 7. Qe2 c5 8. c3 Be7 9. a4 O-O 10. O-O h6 11. Bh4 Ne4 12. Bxe7 Qxe7 13. a5 Nd6 14. Ba6 Bc6 15. b4 c4 16. Ne5 Nb8 17. Ra2 b5 18. Nxc6 Nxc6 19. e4 Rab8 20. exd5 exd5 21. Qxe7 Nxe7 22. Re1 Nc6 23. Nf3 Rbe8 24. Rae2 Rxe2 25. Rxe2 Rd8 26. Ne5 Nb8 0-1


[Site "https://www.chess.com"]

[Event "Titled Tuesday Blitz February 21 Early 2023"]
[White "Demchenko, Anton"]
[Black "Sarkar, Justin"]
[WhiteFideId "4160258"]
[BlackFideId "2010011"]
[WhiteElo "2623"]
[BlackElo "2309"]
[Result "1-0"]
[Round "02"]
[TimeControl "180+2"]
[Date "2023.02.21"]
[WhiteClock "0:00:47"]
[BlackClock "0:00:01"]

1. e4 e5 2. Nf3 Nc6 3. Bc4 Nf6 4. d3 Bc5 5. O-O d6 6. c3 a6 7. a4 O-O 8. Re1 Ba7 9. h3 h6 10. Nbd2 Ne7 11. d4 exd4 12. cxd4 d5 13. e5 Nh5 14. Bf1 Nf4 15. b4 Bf5 16. Nb3 Ne6 17. Be3 Be4 18. Nfd2 Nf5 19. Nxe4 dxe4 20. Qg4 Nxe3 21. fxe3 Qd5 22. Nc5 a5 23. Rac1 axb4 24. Bc4 Qd8 25. Bxe6 1-0


[Site "https://www.chess.com"]

[Event "Titled Tuesday Blitz February 21 Early 2023"]
[White "Anuj, Shrivatri"]
[Black "Avalos Parra, Joao"]
[WhiteFideId "35070924"]
[BlackFideId "3402541"]
[WhiteElo "2407"]
[BlackElo "2185"]
[Result "1-0"]
[Round "02"]
[TimeControl "180+2"]
[Date "2023.02.21"]
[WhiteClock "0:01:05"]
[BlackClock "0:00:18"]

1. Nf3 d5 2. d4 Nf6 3. c4 e6 4. Nc3 Bb4 5. Qa4+ Nc6 6. e3 O-O 7. Qc2 Re8 8. Bd2 e5 9. dxe5 Nxe5 10. cxd5 Bg4 11. Be2 a5 12. a3 Bc5 13. Rd1 Qe7 14. Qa4 Bd7 15. Qf4 Bd6 16. Nxe5 Bxe5 17. Qh4 Nxd5 18. Qxe7 Nxe7 19. Bf3 c6 20. Ke2 Be6 21. Bc1 Red8 22. Be4 Bb3 23. Rd2 Rxd2+ 24. Bxd2 Rd8 25. Bd3 Nc8 26. f4 Bf6 27. Ne4 Be7 28. Rc1 a4 29. Ba5 Re8 30. Nc5 Bxc5 31. Rxc5 b6 32. Rxc6 bxa5 33. Ra6 g6 34. Rxa5 Nd6 35. g4 Kg7 36. g5 Ne4 37. h4 Ng3+ 38. Kf3 Nf5 39. Bxf5 gxf5 40. h5 Bd1+ 41. Kf2 Bxh5 42. Rxa4 Rc8 43. Rb4 Rc2+ 44. Kg3 Be2 45. a4 Bd3 46. a5 Be4 47. a6 Rg2+ 48. Kh3 h6 49. a7 Rg1 50. Rxe4 Ra1 51. gxh6+ Kxh6 52. Re7 Kg6 53. b4 1-0


[Site "https://www.chess.com"]

[Event "Titled Tuesday Blitz February 21 Early 2023"]
[White "Kravtsiv, Martyn"]
[Black "Fernandez Garcia, Gumersindo"]
[WhiteFideId "14113147"]
[BlackFideId "24516740"]
[WhiteElo "2598"]
[BlackElo "2160"]
[Result "1-0"]
[Round "02"]
[TimeControl "180+2"]
[Date "2023.02.21"]
[WhiteClock "0:00:12"]
[BlackClock "0:00:09"]

1. Nf3 Nf6 2. g3 g6 3. Bg2 Bg7 4. O-O O-O 5. c4 d6 6. Nc3 Nbd7 7. d4 e5 8. b3 Re8 9. Bb2 c6 10. Qc2 Qc7 11. Rad1 a5 12. dxe5 dxe5 13. Ba3 Bf8 14. Bxf8 Nxf8 15. c5 Bf5 16. Qb2 Ne6 17. Na4 Rad8 18. Rxd8 Nxd8 19. Rd1 Nd7 20. Qd2 f6 21. Ne1 Nf7 22. h4 Rd8 23. Qc3 Nf8 24. Rxd8 Qxd8 25. Nb2 h5 26. e3 Kg7 27. Bf3 Qd7 28. Nc4 Be6 29. Nxa5 Bd5 30. Bxd5 cxd5 31. c6 bxc6 32. Qxc6 Qd8 33. Nb7 Qa8 34. a4 d4 35. exd4 exd4 36. Nd3 Ne5 37. Qc7+ Ned7 38. Nbc5 Qd5 39. a5 Kh6 40. Qf4+ Kg7 41. Qe4 Qxe4 42. Nxe4 Ne6 43. a6 Nc7 44. a7 Nb6 45. Nd6 f5 46. Kf1 Kf6 47. Ke2 Ke6 48. Nc4 Nc8 49. Nf4+ Kd7 50. Nxg6 Nxa7 51. Nf4 Kc6 52. Nxh5 Nab5 53. Nf4 Nd5 54. h5 Ndc3+ 55. Kf3 Ne4 56. h6 Nf6 57. Kg2 Nc3 58. Ne5+ Kc5 59. Ned3+ Kb5 60. Nh5 Nh7 61. Kf3 Nd5 62. Ke2 Nb4 63. Nxb4 Kxb4 64. Kd3 Kc5 65. b4+ Kd5 66. b5 Kc5 67. b6 Kxb6 68. Kxd4 f4 69. gxf4 Kc6 70. Ke5 Kd7 71. Nf6+ 1-0


[Site "https://www.chess.com"]

[Event "Titled Tuesday Blitz February 21 Early 2023"]
[White "Carrasco Miranda, Andres"]
[Black "Kramnik, Vladimir"]
[WhiteFideId "3405990"]
[BlackFideId "4101588"]
[WhiteElo "2240"]
[BlackElo "2753"]
[Result "0-1"]
[Round "02"]
[TimeControl "180+2"]
[Date "2023.02.21"]
[WhiteClock "0:00:05"]
[BlackClock "0:01:03"]

1. d4 d5 2. c4 e6 3. Nf3 c6 4. g3 f5 5. Bg2 Bd6 6. O-O Nf6 7. Nc3 O-O 8. Qc2 a5 9. a3 Bd7 10. Rb1 Na6 11. Ne5 Be8 12. cxd5 cxd5 13. Bg5 h6 14. Bxf6 gxf6 15. Nd3 Rc8 16. Qd2 Kg7 17. Nf4 Bf7 18. Rfd1 Nc7 19. Qd3 Qe7 20. e3 Ne8 21. Rbc1 Rc6 22. h4 Bxf4 23. exf4 Nd6 24. Re1 Qd7 25. Kh2 Rfc8 26. Ne2 b5 27. b3 b4 28. a4 Ne4 29. Bxe4 dxe4 30. Qb5 Bh5 31. Rxc6 Qxc6 32. Rc1 Qxb5 33. axb5 Rb8 34. Rc7+ Kg6 35. Rc5 Bxe2 0-1


[Site "https://www.chess.com"]

[Event "Titled Tuesday Blitz February 21 Early 2023"]
[White "Zeydan, Salih"]
[Black "Rustemov, Alexander"]
[WhiteFideId "6361722"]
[BlackFideId "4119002"]
[WhiteElo "2060"]
[BlackElo "2525"]
[Result "0-1"]
[Round "02"]
[TimeControl "180+2"]
[Date "2023.02.21"]
[WhiteClock "0:00:13"]
[BlackClock "0:01:07"]

1. e4 e6 2. d3 c5 3. Nf3 Nc6 4. g3 g6 5. Bg2 Bg7 6. O-O Nge7 7. Re1 d6 8. c3 e5 9. Nbd2 O-O 10. a4 h6 11. Nc4 Bg4 12. h3 Be6 13. Nh2 Qd7 14. g4 d5 15. Ne3 d4 16. cxd4 Nxd4 17. Nc4 Rad8 18. Be3 Nec6 19. f4 exf4 20. Bxf4 Nb4 21. Rb1 Ndc2 22. Ne5 Qd4+ 23. Kh1 Nxe1 24. Qxe1 Bxe5 25. Nf3 Nxd3 26. Nxd4 Nxe1 27. Nxe6 fxe6 28. Bxe5 Nxg2 29. Kxg2 Rd2+ 30. Kg3 Rd3+ 31. Kg2 b6 32. b4 c4 33. Rc1 Rc8 34. Bc3 a6 35. b5 axb5 36. axb5 Rc5 37. Be1 c3 38. Rc2 Rxb5 0-1


[Site "https://www.chess.com"]

[Event "Titled Tuesday Blitz February 21 Early 2023"]
[White "Galchenko, Matvey"]
[Black "Chos, Alexey"]
[WhiteFideId "24175480"]
[BlackFideId "14117762"]
[WhiteElo "2438"]
[BlackElo "2296"]
[Result "1-0"]
[Round "02"]
[TimeControl "180+2"]
[Date "2023.02.21"]
[WhiteClock "0:00:44"]
[BlackClock "0:01:07"]

1. f4 d5 2. Nf3 g6 3. g3 Bg7 4. Bg2 c5 5. O-O Nc6 6. d3 Nf6 7. Nc3 d4 8. Na4 Qd6 9. c4 O-O 10. a3 Ng4 11. Rb1 Ne3 12. Bxe3 dxe3 13. b4 cxb4 14. axb4 Bg4 15. b5 Nd8 16. Qc1 Bxf3 17. Bxf3 Rc8 18. Nc3 Ne6 19. Bxb7 Rcd8 20. Bg2 Qc5 21. Ne4 Qd4 22. Qa3 Rd7 23. c5 f5 24. c6 Rc7 25. Rb4 Qd8 26. Nc3 Nd4 27. Nd5 Nxe2+ 28. Kh1 Nd4 29. Nxc7 e2 30. Re1 Nc2 31. Qb3+ 1-0


[Site "https://www.chess.com"]

[Event "Titled Tuesday Blitz February 21 Early 2023"]
[White "Pichot, Alan"]
[Black "Begunov, Konstantin"]
[WhiteFideId "110973"]
[BlackFideId "4118510"]
[WhiteElo "2638"]
[BlackElo "2325"]
[Result "1-0"]
[Round "02"]
[TimeControl "180+2"]
[Date "2023.02.21"]
[WhiteClock "0:00:10"]
[BlackClock "0:00:12"]

1. e4 c5 2. c3 Nf6 3. e5 Nd5 4. d4 cxd4 5. Nf3 Nc6 6. Bc4 Nb6 7. Bb3 d5 8. exd6 e6 9. cxd4 Bxd6 10. O-O Nb4 11. Nc3 O-O 12. Bg5 Be7 13. Bf4 Bd7 14. Ne5 Bc6 15. Bg3 Rc8 16. Qg4 Bd5 17. Nxd5 N6xd5 18. Rac1 Rxc1 19. Rxc1 Nf6 20. Qf3 Qxd4 21. Qxb7 Qxb2 22. Rd1 Re8 23. h3 Nxa2 24. Nxf7 Nc1 25. Nd6 Qxb3 26. Qxb3 Nxb3 27. Nxe8 Nxe8 28. Rd7 Bc5 29. Rb7 Nd4 30. Be5 Nc6 31. Bc3 Bb6 32. g4 Kf8 33. Kg2 Nd8 34. Rd7 Nf7 35. f4 g6 36. Kf3 Nfd6 37. Bb4 Bc7 38. Rxc7 Nxc7 39. Bxd6+ Ke8 40. Bxc7 Kd7 41. Ba5 Kc6 42. Ke4 Kb5 43. Bd8 Kc4 44. Ke5 Kd3 45. Kxe6 Ke4 46. f5 gxf5 47. gxf5 1-0


[Site "https://www.chess.com"]

[Event "Titled Tuesday Blitz February 21 Early 2023"]
[White "Urazayev, Arystanbek"]
[Black "Pourkashiyan, Atousa"]
[WhiteFideId "13709810"]
[BlackFideId "12502014"]
[WhiteElo "2460"]
[BlackElo "2282"]
[Result "1-0"]
[Round "02"]
[TimeControl "180+2"]
[Date "2023.02.21"]
[WhiteClock "0:01:34"]
[BlackClock "0:00:07"]

1. d4 Nf6 2. c4 e6 3. Nc3 Bb4 4. Qc2 O-O 5. Nf3 c5 6. dxc5 Na6 7. a3 Bxc3+ 8. Qxc3 Nxc5 9. e3 b6 10. b4 Nce4 11. Qd4 Bb7 12. Bb2 d5 13. Be2 dxc4 14. Bxc4 Qxd4 15. Bxd4 Rac8 16. Bd3 Nc3 17. O-O Be4 18. Ba6 Rc6 19. Ne5 Rc7 20. f3 Bb7 21. Bd3 Ncd5 22. Rfc1 Rfc8 23. Rxc7 Rxc7 24. Kf2 Nd7 25. Nxd7 Rxd7 26. Rc1 Rc7 27. Rxc7 Nxc7 28. e4 Kf8 29. Be5 Ba6 30. Ke3 Bxd3 31. Kxd3 Ne8 32. Kc4 a6 33. b5 1-0


[Site "https://www.chess.com"]

[Event "Titled Tuesday Blitz February 21 Early 2023"]
[White "Ozen, Bahadir"]
[Black "Avazkhonov, Alikhon"]
[WhiteFideId "6337058"]
[BlackFideId "14208504"]
[WhiteElo "2369"]
[BlackElo "1538"]
[Result "1-0"]
[Round "02"]
[TimeControl "180+2"]
[Date "2023.02.21"]
[WhiteClock "0:00:56"]
[BlackClock "0:00:01"]

1. g3 e5 2. Bg2 d5 3. d3 Nf6 4. Nf3 Nbd7 5. O-O Bd6 6. Nbd2 O-O 7. e4 c6 8. b3 Re8 9. Bb2 Nf8 10. Re1 Bg4 11. h3 Bh5 12. a3 dxe4 13. dxe4 Qc7 14. Nc4 Rad8 15. Qe2 Bxf3 16. Qxf3 Bc5 17. b4 Bd4 18. c3 Bb6 19. Rad1 Ne6 20. Bc1 h6 21. h4 c5 22. b5 Ba5 23. Bh3 a6 24. a4 axb5 25. axb5 Nf8 26. Rd3 Rxd3 27. Qxd3 Rd8 28. Qc2 Ng6 29. Be3 Ne7 30. Ra1 b6 31. f3 Nc8 32. Bf1 Na7 33. Rxa5 bxa5 34. b6 Qb7 35. bxa7 Qxa7 36. Qa4 Ra8 37. Nxe5 Qc7 38. f4 Nh5 39. Bf2 Qc8 40. Bc4 Qh3 41. Bxf7+ Kh8 42. Bxh5 1-0


[Site "https://www.chess.com"]

[Event "Titled Tuesday Blitz February 21 Early 2023"]
[White "Fier, Alexandr"]
[Black "Coelho, Ramyres Santana"]
[WhiteFideId "2107139"]
[BlackFideId "2120690"]
[WhiteElo "2589"]
[BlackElo "1981"]
[Result "1-0"]
[Round "02"]
[TimeControl "180+2"]
[Date "2023.02.21"]
[WhiteClock "0:00:52"]
[BlackClock "0:00:02"]

1. d4 Nf6 2. Bg5 Ne4 3. h4 Nxg5 4. hxg5 g6 5. Nf3 Bg7 6. Qd2 c5 7. Nc3 cxd4 8. Nxd4 Nc6 9. Nf3 d6 10. O-O-O Qa5 11. Kb1 Bxc3 12. Qxc3 Qxc3 13. bxc3 Bg4 14. Rh4 Bxf3 15. gxf3 Rc8 16. e3 Ne5 17. f4 Nc4 18. Bd3 Nb6 19. Rdh1 Rxc3 20. Rxh7 Rxh7 21. Rxh7 e6 22. e4 a6 23. f5 exf5 24. exf5 gxf5 25. Rh6 Ke7 26. Rf6 Rc5 27. Kc1 Nd5 28. Rxf5 Nb4 29. Be4 Rxf5 30. Bxf5 Nxa2+ 31. Kb2 Nb4 32. Bc8 b6 33. Kb3 a5 34. c3 Nc6 35. f4 d5 36. Ka4 Kd6 37. Bg4 d4 38. c4 d3 39. Kb5 Kc7 40. f5 Nd4+ 41. Ka4 d2 42. g6 fxg6 43. fxg6 Nf5 44. Kb3 Ng7 45. Kc3 d1=Q 46. Bxd1 Kc6 47. Kd4 Kd6 48. Bg4 a4 49. Kc3 Kc5 50. Be2 Ne6 51. Bd3 Ng7 52. Bc2 b5 53. cxb5 Kxb5 54. Kd4 Kc6 55. Ke5 Kb5 56. Kf6 Nh5+ 57. Kg5 Ng7 58. Kh6 Ne8 59. Bf5 Kb4 60. Bd7 Nf6 61. g7 Ng8+ 62. Kg6 Ne7+ 63. Kf7 a3 64. Kxe7 a2 65. g8=Q a1=Q 66. Qg4+ Kb3 67. Be6+ Kb2 68. Qd4+ Kb1 69. Qd3+ Kb2 70. Kf6 1-0


[Site "https://www.chess.com"]

[Event "Titled Tuesday Blitz February 21 Early 2023"]
[White "Kaganskiy, Gleb"]
[Black "Goltsev, Dmitry"]
[WhiteFideId "4132025"]
[BlackFideId "24176710"]
[WhiteElo "2205"]
[BlackElo "2269"]
[Result "1-0"]
[Round "02"]
[TimeControl "180+2"]
[Date "2023.02.21"]
[WhiteClock "0:02:14"]
[BlackClock "0:01:48"]

1. e4 e6 2. d4 d5 3. Nd2 c5 4. exd5 exd5 5. Bb5+ Nc6 6. Qe2+ Be6 7. Ngf3 Nf6 8. O-O Be7 9. dxc5 Bxc5 10. Nb3 Bb6 11. Nbd4 O-O 12. Nxe6 fxe6 13. Qxe6+ Kh8 14. Bxc6 bxc6 15. Ng5 Qc7 16. Qh3 Qe7 17. Bd2 Rae8 18. Rae1 Qd6 19. Rxe8 Nxe8 20. Qxh7# 1-0


[Site "https://www.chess.com"]

[Event "Titled Tuesday Blitz February 21 Early 2023"]
[White "Lagno, Kateryna"]
[Black "Mogirzan, Matei-Valeriu"]
[WhiteFideId "14109336"]
[BlackFideId "1257455"]
[WhiteElo "2558"]
[BlackElo "1813"]
[Result "1-0"]
[Round "02"]
[TimeControl "180+2"]
[Date "2023.02.21"]
[WhiteClock "0:00:28"]
[BlackClock "0:00:02"]

1. e4 d6 2. d4 Nd7 3. Nf3 a6 4. c4 g6 5. Nc3 Bg7 6. Be2 c5 7. O-O cxd4 8. Nxd4 Qc7 9. Nd5 Qd8 10. Bg5 h6 11. Bh4 g5 12. Bg3 Ngf6 13. Nf5 Bf8 14. Qd4 h5 15. f4 gxf4 16. Bh4 e5 17. Qf2 b5 18. cxb5 Bb7 19. Nxf6+ Nxf6 20. bxa6 Bc6 21. Rac1 Bd7 22. Rfd1 Nxe4 23. Qf3 Qb6+ 24. Nd4 f5 25. Kh1 exd4 26. Bd3 d5 27. Qxf4 Bd6 28. Qf3 Qxb2 29. Rb1 Qc3 30. Rb3 Qc7 31. Rb7 Qc3 32. Rdb1 Be7 33. Rb8+ Kf7 34. Rxa8 Rxa8 35. Qxh5+ Ke6 36. Qg6+ Bf6 37. Bxe4 dxe4 38. Qxf6+ Kd5 39. Bg3 Qc6 40. Qe5+ Kc4 41. Rc1+ Kd3 42. Rxc6 Bxc6 43. Qxf5 Re8 44. Qf1+ Kd2 45. Qe1+ Kd3 46. Qd1+ Ke3 47. Qc1+ Ke2 48. Qxc6 d3 49. Bf4 e3 50. Qf3+ Kd2 51. h4 Ke1 52. Bxe3 d2 53. Qf2+ Kd1 54. Qxd2# 1-0


[Site "https://www.chess.com"]

[Event "Titled Tuesday Blitz February 21 Early 2023"]
[White "Darini, Pouria"]
[Black "Buganca, Luiz Henrique Da Silva"]
[WhiteFideId "12502200"]
[BlackFideId "2182289"]
[WhiteElo "2401"]
[BlackElo "1920"]
[Result "1-0"]
[Round "02"]
[TimeControl "180+2"]
[Date "2023.02.21"]
[WhiteClock "0:00:14"]
[BlackClock "0:00:01"]

1. b3 e5 2. Bb2 d6 3. e3 Nc6 4. c4 Nf6 5. Nf3 Bg4 6. h3 Bh5 7. d3 Be7 8. Nbd2 O-O 9. Be2 Re8 10. O-O Bf8 11. a3 d5 12. cxd5 Nxd5 13. b4 a6 14. Rc1 f6 15. Ne4 Bf7 16. Nc5 Bxc5 17. Rxc5 a5 18. b5 Nce7 19. Qc1 Rc8 20. Rd1 Nb6 21. Ba1 Na4 22. Rc4 Nb6 23. Rc3 Na4 24. Rc4 Nb6 25. Rg4 c6 26. d4 cxb5 27. Qb1 e4 28. Qxe4 f5 29. Rxg7+ Kxg7 30. d5+ Kf8 31. Qd4 Ng8 32. Qg7+ Ke7 33. Ne5 Rf8 34. d6+ Ke8 35. Bxb5+ Rc6 36. d7+ Nxd7 37. Rxd7 Qxd7 38. Nxd7 Kxd7 39. Qxf8 1-0


[Site "https://www.chess.com"]

[Event "Titled Tuesday Blitz February 21 Early 2023"]
[White "Hasangatin, Ramil"]
[Black "Zia, Tahsin Tajwar"]
[WhiteFideId "4122160"]
[BlackFideId "10211888"]
[WhiteElo "2457"]
[BlackElo "2315"]
[Result "1-0"]
[Round "02"]
[TimeControl "180+2"]
[Date "2023.02.21"]
[WhiteClock "0:00:43"]
[BlackClock "0:00:04"]

1. e4 c6 2. Nf3 d5 3. d3 dxe4 4. dxe4 Qxd1+ 5. Kxd1 Nf6 6. Nfd2 h5 7. f3 g5 8. Nb3 g4 9. a4 Nbd7 10. Be3 h4 11. h3 g3 12. N1d2 Bh6 13. Ke2 Nh5 14. Nc4 e5 15. Nd6+ Kf8 16. Nf5 Bxe3 17. Kxe3 Ndf6 18. Nxh4 Nf4 19. Nf5 Bxf5 20. exf5 Rd8 21. Rg1 N6d5+ 22. Kd2 Ne7+ 23. Bd3 Nxf5 24. Nc5 b6 25. Ne4 Nh4 26. Nxg3 Nfxg2 27. Raf1 Nf4 28. Ne4 f5 29. Ng5 Ke7 30. Kc3 Nxd3 31. cxd3 Kf6 32. f4 exf4 33. Rxf4 Rdg8 34. Nh7+ Ke5 35. Rxg8 Rxh7 36. Rf1 Kf6 37. Rf8+ Kg5 38. Rg8+ Kf6 39. b4 Ng6 40. a5 Rxh3 41. a6 Ne5 42. Rf8+ Ke7 43. R8xf5 Rxd3+ 44. Kc2 Rd5 45. Re1 Kd6 46. Rh5 c5 47. Rh6+ Kd7 48. b5 c4 49. Rg1 Kc7 50. Rg7+ Nd7 51. Rhh7 Rd6 52. Kc3 Rd5 53. Kxc4 Rd1 54. Rh8 Rc1+ 55. Kd4 Rd1+ 56. Kc3 Rc1+ 57. Kd2 Rc5 58. Ra8 Rxb5 59. Rxa7+ Kc6 60. Raxd7 Ra5 61. a7 1-0


[Site "https://www.chess.com"]

[Event "Titled Tuesday Blitz February 21 Early 2023"]
[White "Mendonca, Mateus Nakajo"]
[Black "Jimenez, Joaquin"]
[WhiteFideId "2110954"]
[BlackFideId "109860"]
[WhiteElo "2410"]
[BlackElo "2195"]
[Result "0-1"]
[Round "02"]
[TimeControl "180+2"]
[Date "2023.02.21"]
[WhiteClock "0:00:35"]
[BlackClock "0:01:53"]

1. d4 Nf6 2. Nf3 g6 3. g3 Bg7 4. Bg2 O-O 5. O-O d6 6. b3 Nc6 7. Bb2 e5 8. dxe5 Ng4 9. c4 Ngxe5 10. Nc3 Nxf3+ 11. exf3 Nd4 12. f4 c6 13. Qd2 Bg4 14. Kh1 Bf3 15. Bxf3 Nxf3 16. Qd3 Nd4 17. Rad1 c5 18. Nd5 Re8 19. Rfe1 Qa5 20. Ne7+ Kf8 21. Bc3 Qxa2 22. Ra1 Qxf2 0-1


[Site "https://www.chess.com"]

[Event "Titled Tuesday Blitz February 21 Early 2023"]
[White "Martin Barcelo, Carles"]
[Black "Sokolovsky, Yahli"]
[WhiteFideId "24561444"]
[BlackFideId "2820242"]
[WhiteElo "2221"]
[BlackElo "2461"]
[Result "0-1"]
[Round "02"]
[TimeControl "180+2"]
[Date "2023.02.21"]
[WhiteClock "0:00:53"]
[BlackClock "0:00:40"]

1. d4 d5 2. Nf3 c6 3. e3 Bg4 4. Bd3 e6 5. O-O f5 6. b3 Nf6 7. Ba3 Bxa3 8. Nxa3 Qd6 9. Nb1 Nbd7 10. h3 Bh5 11. Nbd2 g5 12. Be2 g4 13. Nh2 Rg8 14. h4 O-O-O 15. g3 e5 16. dxe5 Nxe5 17. c4 d4 18. c5 Qxc5 19. exd4 Rxd4 20. Qe1 f4 21. Bc4 Re8 22. gxf4 Nxc4 23. Qc1 Rxd2 24. bxc4 Qd4 25. Re1 Qxf2+ 0-1


[Site "https://www.chess.com"]

[Event "Titled Tuesday Blitz February 21 Early 2023"]
[White "Ozkan, Ervin"]
[Black "Melikhov, Evgeny V."]
[WhiteFideId "6306004"]
[BlackFideId "4122046"]
[WhiteElo "2179"]
[BlackElo "2269"]
[Result "1-0"]
[Round "02"]
[TimeControl "180+2"]
[Date "2023.02.21"]
[WhiteClock "0:00:10"]
[BlackClock "0:00:01"]

1. d4 Nf6 2. Bf4 d5 3. e3 c5 4. c3 Nc6 5. Nd2 cxd4 6. exd4 Bf5 7. Qb3 Qc8 8. Ngf3 e6 9. h3 Be7 10. Be2 O-O 11. O-O h6 12. Rac1 a6 13. a4 Na5 14. Qa2 b5 15. axb5 axb5 16. Bxb5 Qb7 17. Qa4 Nc4 18. Qb3 Na5 19. Qa4 Nc4 20. Bc6 Rxa4 21. Bxb7 Nxb2 22. Bc6 Ra6 23. Bb5 Rb6 24. Be2 Nd3 25. Bxd3 Bxd3 26. Rfe1 Ne4 27. Nxe4 Bxe4 28. Ne5 Ra8 29. c4 f6 30. c5 Rba6 31. Nd7 Rc8 32. f3 Bd3 33. Nb6 Rc6 34. Nxd5 exd5 35. Rxe7 Ra4 36. Be3 Kf8 37. Rb7 Ba6 38. Rb2 Re6 39. Kf2 Ra3 40. Re1 Ke7 41. Rc2 Kd7 42. c6+ Rxc6 43. Rb2 Rcc3 44. Bd2 Rd3 45. Bb4 Rab3 46. Rxb3 Rxb3 47. Bc5 Bc4 48. Re7+ Kc6 49. Rxg7 Rb2+ 50. Kg3 Kb5 51. Rg6 Bf1 52. Kh2 Kc4 53. h4 Kd3 54. h5 Rc2 55. Kg1 1-0


[Site "https://www.chess.com"]